 Dungeon Crawl Stone Soup version bcrawl-1.37.2 (webtiles) character file.

Game seed: 10442181327767161378

349897 Mehrunes the Fighter (level 11, -6/74 HPs)
             Began as a Skeleton Fire Elementalist on Nov 3, 2022.
             Was an Elder of Vehumet.
             Mangled by a six-headed hydra (9 damage)
             ... on level 1 of the Lair of Beasts.
             The game lasted 00:27:40 (11891 turns).

Mehrunes the Fighter (Skeleton Fire Elementalist)  Turns: 11891, Time: 00:27:41

Health: -6/74      AC: 13    Str: 15    XL:     11   Next: 65%
Magic:  0/22       EV: 11    Int: 17    God:    Vehumet [****..]
Gold:   94         SH:  0    Dex:  9    Spells: 4/25 levels left

rFire    . . .     GDR:     29% z - +2 Maxwell's thermic engine {flame, freeze}
rCold    + . .     SeeInvis .   (no shield)
rNeg     + + +     Gourm    .   x - +0 scale mail
rPois    ∞         Faith    .   y - +0 helmet
rElec    .         Spirit   +   n - +2 cloak
rCorr    +         Reflect  .   (no gloves)
MR       +....                  (no boots)
Stlth    +.........             (no amulet)
HPRegen  0.22/turn              f - ring of resist corrosion (curse)
MPRegen  0.18/turn              (no ring)

@: no status effects
A: no food or potions, cold resistance 1, deterioration 1, negative energy
resistance 3, powered by death 1, torment resistance, unbreathing, magic shield,
sturdy frame 2, spell healing
a: Renounce Religion


You were on level 1 of the Lair of Beasts.
You worshipped Vehumet.
Vehumet was greatly pleased with you.
You were not hungry.

You visited 3 branches of the dungeon, and saw 12 of its levels.

You collected 666 gold pieces.
You spent 572 gold pieces at shops.

Inventory:

Hand Weapons
 g - a +1 dagger of venom
 p - a +1 dagger of electrocution
 z - the +2 Maxwell's thermic engine (weapon) {flame, freeze}
   (You bought it in a shop on level 6 of the Dungeon)

   It has been specially enchanted to surge with flame as it hits, increasing
   damage dealt by approximately one third against foes not resistant or
   susceptible to fire.
   Its heat also prevents any hydra heads it cuts off from regrowing.
Missiles
 d - 1567 stones (quivered)
 e - a throwing net {=f}
Armour
 a - a +0 robe
 n - a +2 cloak (worn)
 r - a +2 robe of cold resistance
 t - a +2 robe of magic recovery
 x - a +0 scale mail (worn)
 y - a +0 helmet (worn)
Jewellery
 f - a cursed ring of resist corrosion (left hand)
Wands
 c - a wand of flame (22)
 u - a wand of acid (15)
Scrolls
 b - 8 scrolls of remove curse {unknown}
 h - 3 scrolls of fear {unknown}
 i - 12 scrolls of identify
 j - 3 scrolls of teleportation {unknown}
 k - 2 scrolls of enchant weapon {unknown}
 l - a scroll of amnesia {unknown}
 m - 3 scrolls of enchant armour {unknown}
 o - a scroll of blinking {unknown}
 q - 2 scrolls of magic mapping {unknown}
 s - 2 scrolls of fog {unknown}
 v - a scroll of noise {unknown}
 w - a scroll of immolation {unknown}


   Skills:
 + Level 11.0 Fighting
 + Level 2.6 Long Blades
 + Level 9.3 Armour
 - Level 2.6 Dodging
 - Level 2.4 Stealth
 + Level 7.7 Spellcasting
 - Level 8.8 Conjurations
 - Level 7.9 Fire Magic
 - Level 3.4 Earth Magic


You had 4 spell levels left.
You knew the following spells:

 Your Spells              Type           Power        Failure   Level  Hunger
a - Flame Tongue          Conj/Fire      #####        1%          1    N/A
b - Conjure Flame         Conj/Fire      #####...     1%          3    N/A
c - Sticky Flame          Conj/Fire      #####...     1%          4    N/A
d - Fireball              Conj/Fire      #####.....   4%          5    N/A
e - Stone Arrow           Conj/Erth      ####..       1%          3    N/A
f - Irradiate             Conj/Tmut      ###.......   19%         5    N/A

Your spell library contained the following spells:

 Spells                   Type           Power        Failure   Level  Hunger
 Throw Frost              Conj/Ice       ###...       1%          2    N/A
 Inner Flame              Hex/Fire       N/A          2%          3    N/A
 Freeze                   Ice            #.....       4%          1    N/A
 Flaming Arrows           Chrm/Fire      ###.....     4%          2    N/A
 Throw Icicle             Conj/Ice       ###.....     7%          4    N/A
 Ozocubu's Armour         Chrm/Ice       #.......     43%         3    N/A
 Summon Ice Beast         Ice/Summ       #.......     83%         4    N/A
 Ice Form                 Ice/Tmut       Unusable     N/A         4    N/A

Dungeon Overview and Level Annotations

Branches:
Dungeon (10/12)            Temple (1/1) D:5            Lair (1/6) D:7
    Orc (0/1) D:9

Altars:
Ashenzari
Cheibriados
Dithmenos
Gozag
Hepliaklqana
Kikubaaqudgha
Lugonu
Makhleb
Nemelex Xobeh
Okawaru
Qazlal
Ru
Sif Muna
Trog
Uskayaw
Vehumet
Wu Jian
Xom
Yredelemnul

Shops:
D:4 (   D:6 (![?%   D:8 *

Annotations:
D:2 1 exclusion
D:3 1 runed translucent door, Pingasnik's ghost, weakling HOAc
D:4 1 exclusion
D:7 1 exclusion


Innate Abilities, Weirdness & Mutations

You do not eat or drink.
You are immune to poison.
Your flesh is cold resistant. (rC+)
Your body sometimes deteriorates upon taking damage.
You are immune to negative energy. (rN+++)
You regenerate a little health from kills.
You are immune to unholy pain and torment.
You can survive without breathing.
When hurt, damage is shared between your health and your magic reserves.
Your movements are less encumbered by armour. (ER -4)
Casting spells heals you.


Message History

The six-headed hydra is almost dead.
The six-headed hydra bites you. The six-headed hydra bites you!
The six-headed hydra bites you but does no damage.
The six-headed hydra bites you.
The six-headed hydra bites you but does no damage.
The six-headed hydra bites you! The six-headed hydra misses you.
The six-headed hydra bites you!
* * * LOW HITPOINT WARNING * * *
The six-headed hydra bites you but does no damage.
The six-headed hydra misses you.
The six-headed hydra bites you but does no damage. x2
Okay, then.
Okay, then.
The six-headed hydra bites you!
* * * LOW HITPOINT WARNING * * *
The six-headed hydra bites you but does no damage. x2
The six-headed hydra bites you.
* * * LOW HITPOINT WARNING * * *
The six-headed hydra bites you!
You die...

#.........$#
#........#
#.<....##
##......#
##......#
###.......##
#.........P#
##...D....^##
#.....@....#
##.........#
###########


You could see a six-headed hydra.

Vanquished Creatures
  A two-headed ogre (D:7)
  3 death yaks
  A wolf spider zombie (D:10)
  3 trolls
  A hornet (shapeshifter) (D:9)
  Grinder (D:5)
  3 slime creatures
  2 hippogriffs
  Sigmund (D:5)
  11 yaks
  6 humans
  3 hungry ghosts
  Edmund (D:5)
  Menkaure (D:4)
  A crocodile (D:9)
  Duvessa (D:5)
  A porcupine (D:7)
  4 ice beasts
  2 black bears
  2 ogres
  2 phantoms (D:9)
  2 orc warriors
  5 bullfrogs
  2 centaurs
  Dowan (D:5)
  A water moccasin zombie (D:5)
  3 troll zombies (D:9)
  6 scorpions
  7 wights
  5 howler monkeys
  5 orc priests
  6 crimson imps
  A quasit (D:5)
  4 hounds
  2 jellies (D:8)
  A gnoll shaman (D:6)
  10 orc wizards
  A bullfrog skeleton (D:4)
  A hell rat (D:7)
  3 iguanas
  Natasha (D:3)
  5 worker ants
  5 ogre zombies (D:9)
  2 hound zombies
  4 hound skeletons
  11 gnolls
  13 adders
  A river rat (D:7)
  A shadow imp (D:9)
  An ooze (D:4)
  3 adder zombies
  An adder skeleton (D:4)
  4 worms
  A dart slug (D:3)
  5 leopard geckos
  23 orcs
  2 ball pythons
  5 giant cockroaches
  5 goblins
  9 hobgoblins
  13 jackals
  9 kobolds
  7 quokkas
  3 bats
  6 frilled lizards
  A hobgoblin skeleton (D:9)
  A hobgoblin zombie (D:9)
  5 orc skeletons (D:9)
  18 orc zombies (D:9)
  A quokka skeleton (D:4)
  7 rats
290 creatures vanquished.

Vanquished Creatures (others)
  2 withered plants (D:3)
2 creatures vanquished.

Grand Total: 292 creatures vanquished

Notes
Turn   | Place    | Note
-------+----------+-------------------------------------------
     0 | D:1      | Mehrunes the Skeleton Fire Elementalist began the quest for
                  | the Orb.
     0 | D:1      | Reached XP level 1. HP: 10/10 MP: 4/4
   284 | D:1      | Reached XP level 2. HP: 15/15 MP: 1/6
   981 | D:2      | Found an ornate altar of the Wu Jian Council.
  1032 | D:2      | Found a shadowy altar of Dithmenos.
  1109 | D:2      | Reached XP level 3. HP: 19/19 MP: 2/8
  1351 | D:2      | Found a white marble altar of Elyvilon.
  1425 | D:2      | Found a sparkling altar of Nemelex Xobeh.
  1591 | D:2      | Learned a level 3 spell: Conjure Flame
  1712 | D:3      | Reached XP level 4. HP: 24/24 MP: 6/9
  1881 | D:3      | Reached skill level 1 in Fighting
  1924 | D:3      | Reached XP level 5. HP: 29/29 MP: 7/11
  2194 | D:3      | Found a hide-covered altar of Uskayaw.
  2380 | D:3      | Found a runed translucent door.
  2380 | D:3      | Noticed Pingasnik's ghost (weakling HOAc)
  2414 | D:3      | Noticed Natasha
  2421 | D:3      | Reached skill level 2 in Fighting
  2425 | D:3      | Killed Natasha
  2426 | D:3      | Reached skill level 5 in Spellcasting
  2426 | D:3      | Gained mutation: You regenerate a little health from kills.
                  | [Skeleton growth]
  2426 | D:3      | Reached XP level 6. HP: 26/35 MP: 3/13
  2928 | D:4      | Noticed Menkaure
  2976 | D:3      | Found a glowing golden altar of the Shining One.
  3071 | D:4      | Found Gummaaga's Weapon Shop.
  3078 | D:4      | Reached XP level 7. HP: 21/40 MP: 3/15
  3130 | D:4      | Learned a level 4 spell: Sticky Flame
  3136 | D:4      | Learned a level 5 spell: Fireball
  3170 | D:4      | Reached skill level 3 in Fighting
  3416 | D:4      | Killed Menkaure
  3417 | D:4      | Reached skill level 5 in Conjurations
  3417 | D:4      | Reached skill level 5 in Fire Magic
  3909 | D:4      | Reached skill level 4 in Fighting
  4179 | D:5      | Entered Level 5 of the Dungeon
  4320 | D:5      | Noticed Grinder
  4339 | D:5      | Killed Grinder
  4340 | D:5      | Reached XP level 8. HP: 48/48 MP: 5/17
  4573 | D:5      | Noticed Duvessa
  4575 | D:5      | Noticed Dowan
  4590 | D:5      | Killed Duvessa
  4598 | D:5      | Killed Dowan
  4599 | D:5      | Reached skill level 5 in Fighting
  4898 | D:5      | Found a staircase to the Ecumenical Temple.
  4980 | Temple   | Entered the Ecumenical Temple
  5080 | Temple   | Became a worshipper of Vehumet
  5146 | D:5      | Noticed Edmund
  5158 | D:5      | Killed Edmund
  5195 | D:5      | Found a burning altar of Makhleb.
  5257 | D:5      | Noticed Sigmund
  5320 | D:5      | Killed Sigmund
  5645 | D:5      | Found a hazy altar of Hepliaklqana.
  5736 | D:5      | Reached skill level 6 in Fighting
  5736 | D:5      | Reached XP level 9. HP: 50/55 MP: 9/18
  5958 | D:6      | Found Naqeivvi's Armour Shop.
  6107 | D:6      | Reached * piety under Vehumet
  6107 | D:6      | Offered knowledge of Sting by Vehumet.
  6215 | D:6      | Found Oboff's Distillery.
  6351 | D:6      | Found Hipneix's Food Emporium.
  6508 | D:6      | Found Erovatuc's Weapon Shoppe.
  6610 | D:6      | Found a glowing golden altar of the Shining One.
  6622 | D:6      | Found an iron altar of Okawaru.
  6690 | D:6      | Found Paliosiu's Magic Scroll Shoppe.
  6706 | D:6      | Reached skill level 7 in Fighting
  6962 | D:7      | Noticed a two-headed ogre
  6964 | D:7      | Noticed a troll
  7004 | D:7      | Reached skill level 1 in Armour
  7163 | D:7      | Found a staircase to the Lair.
  7251 | D:7      | Killed a two-headed ogre
  7251 | D:7      | Offered knowledge of Sandblast by Vehumet.
  7252 | D:7      | Reached skill level 8 in Fighting
  7252 | D:7      | Gained mutation: Your movements are less encumbered by
                  | armour. (ER -4) [Skeleton growth]
  7252 | D:7      | Reached XP level 10. HP: 65/65 MP: 4/19
  7391 | D:7      | Reached ** piety under Vehumet
  7518 | D:7      | Noticed a death yak
  7519 | D:7      | Noticed a death yak
  7561 | D:7      | Killed a death yak
  7562 | D:7      | Reached skill level 5 in Armour
  7568 | D:7      | Noticed a death yak
  7691 | D:7      | Reached skill level 9 in Fighting
  7913 | D:6      | Killed a death yak
  8078 | D:7      | Found a shattered altar of Ashenzari.
  8157 | D:7      | Found an opulent altar of Gozag.
  8713 | D:8      | Reached skill level 10 in Fighting
  8894 | D:8      | Found Coopsyes's Assorted Antiques.
  8976 | D:8      | Offered knowledge of Stone Arrow by Vehumet.
  9095 | D:8      | Learned a level 3 spell: Stone Arrow
  9401 | D:8      | Found a bloodstained altar of Trog.
  9465 | D:8      | Reached skill level 1 in Earth Magic
  9481 | D:8      | Reached XP level 11. HP: 55/72 MP: 10/20
  9783 | D:9      | Found a staircase to the Orcish Mines.
  9786 | D:9      | Reached *** piety under Vehumet
  9920 | D:9      | Offered knowledge of Fulminant Prism by Vehumet.
 10235 | D:9      | Found a shimmering blue altar of Sif Muna.
 10273 | D:9      | Reached **** piety under Vehumet
 10327 | D:9      | Offered knowledge of Irradiate by Vehumet.
 10362 | D:8      | Learned a level 5 spell: Irradiate
 10817 | D:7      | Killed a death yak
 10915 | D:6      | Bought the +2 Maxwell's thermic engine {flame, freeze} for
                  | 572 gold pieces
 10915 | D:6      | Found the +2 Maxwell's thermic engine {flame, freeze}
 11316 | D:10     | Entered Level 10 of the Dungeon
 11440 | D:10     | Reached skill level 1 in Long Blades
 11637 | D:10     | Reached skill level 11 in Fighting
 11711 | D:10     | Noticed an ogre mage
 11711 | D:10     | Noticed a tengu warrior
 11713 | D:10     | Noticed a deep elf mage
 11717 | D:10     | Noticed a centaur warrior
 11875 | Lair:1   | Entered Level 1 of the Lair of Beasts
 11875 | Lair:1   | Noticed a seven-headed hydra
 11891 | Lair:1   | HP: 3/74 [six-headed hydra (1)]
 11891 | Lair:1   | Mangled by a six-headed hydra

Skill      XL: |  1  2  3  4  5  6  7  8  9 10 11 |
---------------+----------------------------------+-----
Conjurations   | 2 3 4 6 7 8 |  8.8
Spellcasting   | 4 5 6 7 |  7.7
Fighting       | 1 2 4 6 8 10 11 | 11.0
Fire Magic     | 4 5 7 |  7.9
Armour         | 4 8 9 |  9.3
Earth Magic    | 1 3 |  3.4
Long Blades    | 2 |  2.6
Dodging        | |  2.6
Stealth        | |  2.4

Action                   |  1- 3 |  4- 6 |  7- 9 | 10-12 || total
-------------------------+-------+-------+-------+-------++-------
Melee: Dagger            |       |    51 |   102 |   128 ||   281
       Double sword      |       |       |       |    32 ||    32
 Cast: Flame Tongue      |    71 |    84 |   221 |   221 ||   597
       Conjure Flame     |       |       |     8 |    12 ||    20
       Sticky Flame      |       |       |    26 |    47 ||    73
       Stone Arrow       |       |       |       |     6 ||     6
       Fireball          |       |       |       |     7 ||     7
 Stab: Sleeping          |       |       |       |     2 ||     2
Armor: Robe              |     7 |    16 |    88 |    31 ||   142
       Scale mail        |       |       |       |   110 ||   110
Dodge: Dodged            |    24 |    55 |   137 |   177 ||   393
